 Dungeon Crawl Stone Soup version 0.31.0-32-g396128a36d (webtiles) character file.

Game seed: 7987699653487243138

46 Alphaeus the Ruffian (level 3, 0/28 HPs)
             Began as a Gnoll Shapeshifter on Mar 18, 2024.
             Slain by an orc wizard
             ... wielding a +0 dagger
              (2 damage)
             ... on level 3 of the Dungeon.
             The game lasted 00:01:19 (1972 turns).

Alphaeus the Ruffian (Gnoll Shapeshifter)           Turns: 1972, Time: 00:01:19

Health: 0/28       AC:  2    Str: 13    XL:     3   Next: 66%
Magic:  4/4        EV: 13    Int: 11    God:
Gold:   126        SH:  0    Dex: 11    Spells: 4/4 levels left

rFire   . . .        n - +2 falchion (elec)
rCold   . . .        (no shield)
rNeg    . . .        a - +0 animal skin
rPois   .            (helmet currently unavailable)
rElec   .            (cloak currently unavailable)
rCorr   .            (gloves currently unavailable)
SInv    .            (boots currently unavailable)
Will    .....        (no amulet)
Stlth   +            (no ring)
HPRegen 0.24/turn    (no ring)
MPRegen 0.09/turn

%: no passive effects
@: beast-form
A: beast (slay +3), fangs 1, strong nose, distributed training
a: Begin Untransformation


You were on level 3 of the Dungeon.
You were a hulking beast.
You visited 1 branch of the dungeon, and saw 3 of its levels.

You collected 126 gold pieces.

Inventory:

Hand Weapons
 n - a +2 falchion of electrocution (weapon)
Armour
 a - a +0 animal skin (worn)
Jewellery
 k - a ring of wizardry
Talismans
 c - a beast talisman
 d - a flux talisman
Scrolls
 f - a scroll of brand weapon {unknown}
 g - a scroll of amnesia {unknown}
 h - 3 scrolls of teleportation {unknown}
 l - a scroll of fear {unknown}
 m - 5 scrolls of identify {unknown}
 q - a scroll of noise {unknown}
 r - a scroll of torment {unknown}
Potions
 b - 2 potions of lignification
 e - a potion of resistance {unknown}
 i - a potion of magic {unknown}
 j - 2 potions of curing {unknown}
 o - 2 potions of brilliance {unknown}
 p - a potion of degeneration {unknown}
 s - a potion of enlightenment {unknown}


   Skills:
 + Level 2.6 Fighting
 + Level 1.0 Short Blades
 + Level 1.0 Long Blades
 + Level 1.0 Axes
 + Level 1.0 Maces & Flails
 + Level 1.0 Polearms
 + Level 1.0 Staves
 + Level 1.0 Ranged Weapons
 + Level 1.0 Throwing
 + Level 1.0 Armour
 + Level 4.6 Dodging
 + Level 1.0 Stealth
 + Level 1.0 Shields
 + Level 6.5 Unarmed Combat
 + Level 1.0 Spellcasting
 + Level 0.7 Conjurations
 + Level 0.7 Hexes
 + Level 0.7 Summonings
 + Level 0.7 Necromancy
 + Level 0.7 Translocations
 + Level 0.7 Fire Magic
 + Level 0.7 Ice Magic
 + Level 0.7 Air Magic
 + Level 0.7 Earth Magic
 + Level 0.7 Alchemy
 + Level 1.0 Invocations
 + Level 1.0 Evocations
 + Level 6.5 Shapeshifting


You had 4 spell levels left.
You didn't know any spells.
Your spell library was empty.

Dungeon Overview and Level Annotations

Branches:
Dungeon (3/15)

Altars:
Dithmenos
Elyvilon
Xom


Innate Abilities, Weirdness & Mutations

You are a hulking beast.
Your limbs bulge with bestial killing power. (Slay +3)
You have very sharp teeth.
Your uncanny sense of smell can sniff out nearby items.
Your experience applies equally to all skills.


Message History

You are too injured to fight recklessly!
You are too injured to fight recklessly!
You are too injured to fight recklessly!
You are too injured to fight recklessly!
You are too injured to fight recklessly!
You are too injured to fight recklessly!
You are too injured to fight recklessly!
You are too injured to fight recklessly!
You are too injured to fight recklessly!
You are too injured to fight recklessly!
You are too injured to fight recklessly!
You are too injured to fight recklessly!
You are too injured to fight recklessly!
You are too injured to fight recklessly!
You are too injured to fight recklessly!
You are too injured to fight recklessly!
You barely miss the orc. The orc closely misses you.
You hit the orc. Lightning courses through the orc!!
You kill the orc!
Something hits you.
The orc priest miscasts a cantrip.
Something hits you but does no damage.
The orc priest mumbles some strange prayers to Beogh against you.
Beogh smites you!
* * * LOW HITPOINT WARNING * * *
Your Short Blades skill increases to level 1!
Your Long Blades skill increases to level 1!
Your Axes skill increases to level 1!
Your Maces & Flails skill increases to level 1!
Your Polearms skill increases to level 1!
Your Staves skill increases to level 1!
Your Ranged Weapons skill increases to level 1!
Your Throwing skill increases to level 1!
Your Armour skill increases to level 1!
Your Stealth skill increases to level 1!
Your Shields skill increases to level 1!
Your Spellcasting skill increases to level 1!
Your Evocations skill increases to level 1!
You barely miss the orc. Something hits you.
You die...

#.#.#
####.#.#########
....†......[...#
.#.....#######.#
##....# ##.## ∆
##.#.# #...#
.....# ###...###
###.###
#.......## #+#
#.....ho.#
#.....)..#
###...#o..#
#...#...#
#.......#
......... ##...
..... ##..
......


You could see an orc priest and an orc.

Vanquished Creatures
  A ribbon worm (D:3)
  2 orcs (D:3)
  6 ball pythons
  3 bats (D:1)
  4 endoplasms (D:1)
  2 giant cockroaches
  5 goblins
  4 hobgoblins
  4 kobolds
  A quokka (D:2)
  A frilled lizard (D:1)
  4 rats
37 creatures vanquished.

Notes
Turn   | Place    | Note
-------+----------+-------------------------------------------
     0 | D:1      | Alphaeus the Gnoll Shapeshifter began the quest for the
                  | Orb.
     0 | D:1      | Reached XP level 1. HP: 17/17 MP: 1/1
   128 | D:1      | Reached XP level 2. HP: 16/23 MP: 2/2
   366 | D:1      | Reached XP level 3. HP: 28/28 MP: 3/3
   517 | D:1      | Found a faded altar of an unknown god.
   933 | D:2      | Found a white marble altar of Elyvilon.
   983 | D:2      | Reached skill level 1 in Invocations
  1833 | D:3      | Found a shadowy altar of Dithmenos.
  1894 | D:3      | Found a shimmering altar of Xom.
  1972 | D:3      | Reached skill level 1 in Short Blades
  1972 | D:3      | Reached skill level 1 in Long Blades
  1972 | D:3      | Reached skill level 1 in Axes
  1972 | D:3      | Reached skill level 1 in Maces & Flails
  1972 | D:3      | Reached skill level 1 in Polearms
  1972 | D:3      | Reached skill level 1 in Staves
  1972 | D:3      | Reached skill level 1 in Ranged Weapons
  1972 | D:3      | Reached skill level 1 in Throwing
  1972 | D:3      | Reached skill level 1 in Armour
  1972 | D:3      | Reached skill level 1 in Stealth
  1972 | D:3      | Reached skill level 1 in Shields
  1972 | D:3      | Reached skill level 1 in Spellcasting
  1972 | D:3      | Reached skill level 1 in Evocations
  1972 | D:3      | Slain by an orc wizard

Illustrated notes

Levels and vault maps discovered:
D:1:      dpeg_arrival_tiny_b, layout_basic, shapermc_ecumenical_altar_pompeii
D:2:      layout_basic, basic_altar, kennysheep_generic_room_2
D:3:      layout_loops_corners, okawaru_altar_gauntlet_db,
          grunt_dithmenos_smoke_and_mirrors, lemuel_round_altar,
          gup_sewer_entry_pipe, minmay_misc_feat_plants, guppyfry_early_orc_mine

Skill      XL: |  1  2  3 |
---------------+----------+-----
Invocations    | 1 |  1.0
Short Blades   | 1 |  1.0
Long Blades    | 1 |  1.0
Axes           | 1 |  1.0
Maces & Flails | 1 |  1.0
Polearms       | 1 |  1.0
Staves         | 1 |  1.0
Ranged Weapons | 1 |  1.0
Throwing       | 1 |  1.0
Armour         | 1 |  1.0
Stealth        | 1 |  1.0
Shields        | 1 |  1.0
Spellcasting   | 1 |  1.0
Evocations     | 1 |  1.0
Fighting       | |  2.6
Dodging        | |  4.6
Unarmed Combat | |  6.5
Conjurations   | |  0.7
Hexes          | |  0.7
Summonings     | |  0.7
Necromancy     | |  0.7
Translocations | |  0.7
Fire Magic     | |  0.7
Ice Magic      | |  0.7
Air Magic      | |  0.7
Earth Magic    | |  0.7
Alchemy        | |  0.7
Shapeshifting  | |  6.5

Action                     || total
---------------------------++-------
  Melee: Unarmed           ||    38
         Bite              ||     4
         Punch             ||     2
         Falchion          ||    22
   Stab: Sleeping          ||     2
 Armour: Animal skin       ||    22
  Dodge: Dodged            ||    31
